Map: Base du roi Sejong EC

Players

zidar - Winner!

  • Race: Zerg Zerg
  • League: Platinum
  • Spawn Location: 11:00

Bidon

  • Race: Zerg Zerg
  • League: Platinum
  • Spawn Location: 5:00

VOD

Have the link to the VOD?

Description

Time

  • Played on: Nov. 18, 2016, 11:26 a.m.
  • Length: 11:39
Show
View Real Time Build Order
Export as new Build Order

zidar Zerg - Winner!

Build Orders: 1 Base Baneling Bust, Pool First, Zergling Baneling 

Get SALT Encoding   

  12  0:01  Drone  
  13  0:17  Drone  
  14  0:24  Extractor  
  14  0:26  Drone  
  14  0:33  Extractor  
  13  0:36  Spawning Pool  
  13  0:42  Drone  
  13  0:46  Drone  
  14  0:57  Overlord  
  14  1:08  Overlord  
  14  1:24  Queen  
  16  1:31  Metabolic Boost  
  16  1:38  Zergling x2  
  17  1:41  Zergling x2  
  18  2:00  Zergling x4  
  20  2:02  Baneling Nest  
  20  2:07  Zergling x2  
  20  2:16  Zergling x2  
  21  2:23  Zergling x2  
  22  2:34  Zergling x6  
  25  2:49  Zergling x4  
  27  3:08  Roach Warren  
  26  3:17  Baneling x4  
  26  3:18  Baneling x4  
  16  3:48  Zergling x10  
  16  3:49  Zergling x2  
  20  4:04  Drone x2  
  22  4:12  Zergling x2  
  23  4:19  Zergling x2  
  22  4:51  Zergling x8  
  20  5:16  Baneling  
  20  5:17  Baneling x3  
  20  5:22  Zergling x6  
  23  5:29  Lair  
  23  5:38  Baneling  
  23  5:48  Zergling x4  
  23  5:58  Zergling x2  
  23  5:59  Zergling x6  
  22  6:14  Drone  
  23  6:37  Baneling  
  23  6:38  Baneling x2  
  23  6:39  Baneling  
  23  6:40  Baneling  
  23  6:42  Hatchery  
  23  6:43  Drone  
  23  6:44  Drone  
  18  7:14  Drone x3  
  21  7:19  Queen  
  23  7:34  Centrifical Hooks  
  23  7:38  Drone  
  23  7:42  Drone  
  25  7:52  Drone x2  
  27  8:06  Drone  
  27  8:07  Drone x2  
  30  8:22  Drone x6  
  36  8:36  Overlord x2  
  36  8:47  Nydus Network  
  35  8:53  Spire  
  35  8:57  Drone x5  
  40  9:46  Extractor  
  40  9:48  Extractor  
  38  9:59  Overlord x2  
  38  10:00  Overlord  
  38  10:05  Mutalisk  
  38  10:06  Mutalisk x6  
  52  10:17  Mutalisk x3  
  58  10:21  Mutalisk  
  60  10:39  Zergling x18  
  69  10:49  Mutalisk  
  71  11:10  Zergling x4  
  71  11:11  Zergling x6  
Show
View Real Time Build Order
Export as new Build Order

Bidon Zerg 

Build Orders: Pool First 

Get SALT Encoding   

  12  0:02  Drone  
  13  0:16  Overlord  
  13  0:20  Drone  
  14  0:25  Extractor  
  14  0:26  Drone  
  15  0:35  Drone  
  16  0:38  Drone  
  17  0:50  Spawning Pool  
  17  0:53  Extractor, Drone  
  16  1:03  Drone  
  17  1:12  Overlord  
  17  1:22  Drone  
  18  1:37  Queen  
  18  1:38  Drone  
  21  1:49  Zergling x2  
  22  1:56  Metabolic Boost  
  22  2:00  Zergling x2  
  23  2:09  Zergling x2  
  24  2:17  Overlord  
  24  2:19  Hatchery  
  23  2:30  Zergling x2  
  24  2:41  Zergling x2  
  25  2:45  Baneling Nest  
  25  2:48  Zergling x6  
  27  2:59  Zergling x2  
  27  3:03  Zergling x2  
  29  3:12  Zergling x2  
  25  3:34  Zergling x2  
  14  3:56  Drone x2  
  14  3:58  Queen  
  14  4:00  Drone  
  18  4:05  Drone  
  18  4:08  Zergling x2  
  20  4:13  Zergling x2  
  21  4:23  Zergling x6  
  24  4:37  Zergling x2  
  22  4:41  Zergling x6  
  23  4:46  Queen  
  23  4:48  Zergling x2  
  20  4:53  Zergling x6  
  13  5:21  Baneling x4  
  13  5:22  Drone x3  
  16  5:47  Drone  
  17  5:54  Baneling  
  17  5:57  Baneling  
  17  6:05  Drone  
  14  6:13  Baneling  
  14  6:18  Drone  
  15  6:25  Drone  
  16  6:31  Baneling  
  16  6:36  Baneling  
  16  6:43  Drone  
  17  6:48  Drone  
  17  6:52  Drone  
  19  6:57  Drone  
  20  7:07  Drone  
  17  7:12  Drone  
  19  7:15  Drone  
  19  7:19  Drone  
  20  7:32  Evolution Chamber  
  20  7:34  Drone  
  20  7:42  Spine Crawler  
  19  7:47  Drone  
  19  7:50  Drone  
  21  7:57  Evolution Chamber  
  20  8:00  Drone  
  20  8:04  Drone  
  22  8:09  Drone  
  23  8:20  Roach Warren  
  23  8:26  Evolution Chamber  
  21  8:33  Spine Crawler  
  20  8:35  Drone  
  20  8:40  Drone  
  22  8:43  Drone  
  22  8:45  Drone  
  22  8:48  Drone  
  25  8:51  Drone  
  25  8:55  Drone  
  27  9:01  Drone x2  
  29  9:03  Drone  
  29  9:08  Drone  
  31  9:15  Drone x3  
  34  9:21  Drone x2  
  34  9:23  Drone x2  
  38  9:26  Drone  
  38  9:31  Zerg Missile Weapons Level 1  
  39  9:35  Extractor, Drone  
  39  9:36  Drone  
  39  9:38  Drone  
  41  9:40  Drone  
  42  9:54  Drone  
  42  9:57  Extractor, Drone x2  
  44  10:00  Overlord  
  44  10:02  Lair  
  44  10:10  Overlord x3  
  44  10:17  Spore Crawler  
  44  10:18  Drone  
  44  10:23  Drone  
  45  10:30  Drone  
  45  10:34  Spore Crawler, Drone  
  46  10:36  Roach x2  
  50  10:45  Drone x2  
  50  10:46  Drone  
  50  10:49  Extractor  
  52  10:52  Drone  
  53  10:59  Roach x2  
  53  11:00  Roach x3  
  63  11:04  Roach  
  63  11:10  Ravager x2  
Tags
 
Add a new tag
Caveats
  • Supply blocks, unpowered buildings, or Contaminate may cause inaccurate times.
  • Supply counts are checked every 10 seconds.